TOP OF THE 1ST |
Cincinnati Reds batting - Pitching for Cleveland Indians : RHP Ervin Santana
|
Pitching: RHP Ervin Santana
|
|
Batting: LHB Jarrod Dyson
|
0-0: Called Strike 0-1: Bunt for hit to P - play at first, batter OUT! 1-3
|
Batting: RHB Trea Turner
|
0-0: Swinging Strike 0-1: Foul Ball, location: 2F 0-2: Ball 1-2: Foul Ball, location: 2F 1-2: Ball 2-2: Foul Ball, location: 2F 2-2: Strikes out swinging
|
Batting: LHB Robinson Cano
|
0-0: Foul Ball, location: 2F 0-1: Ball 1-1: Foul Ball, location: 2F 1-2: Fly out, F4 (Popup, 34)
|
Top of the 1st over - 0 runs, 0 hits, 0 errors, 0 left on base; Cincinnati 0 - Cleveland 0 |
BOTTOM OF THE 1ST |
Cleveland Indians batting - Pitching for Cincinnati Reds : RHP Felix Hernandez
|
Pitching: RHP Felix Hernandez
|
|
Batting: LHB Jacoby Ellsbury
|
0-0: Called Strike 0-1: Ball 1-1: Ball 2-1: Ground out 2-3 (Groundball, 2R)
|
Batting: LHB Matt Carpenter
|
0-0: Ball 1-0: Swinging Strike 1-1: Swinging Strike 1-2: Ball 2-2: Ball 3-2: Strikes out looking
|
Batting: SHB Jose Ramirez
|
0-0: Called Strike 0-1: Ball 1-1: Foul Ball, location: 2F 1-2: Ball 2-2: DOUBLE (Line Drive, 3D)
|
Batting: LHB Eric Hosmer
|
0-0: Foul Ball, location: 2F 0-1: Called Strike 0-2: Foul Ball, location: 2F 0-2: Ball 1-2: Ball 2-2: Strikes out swinging
|
Bottom of the 1st over - 0 runs, 1 hit, 0 errors, 1 left on base; Cincinnati 0 - Cleveland 0 |
TOP OF THE 2ND |
Cincinnati Reds batting - Pitching for Cleveland Indians : RHP Ervin Santana
|
Batting: RHB Edwin Encarnacion
|
0-0: Swinging Strike 0-1: Ball 1-1: Foul Ball, location: 2F 1-2: Fly out, F7 (Flyball, 7S)
|
Batting: LHB Joey Gallo
|
0-0: Foul Ball, location: 2F 0-1: Swinging Strike 0-2: Foul Ball, location: 2F 0-2: Ball 1-2: Ball 2-2: Strikes out swinging
|
Batting: LHB Adrian Gonzalez
|
0-0: Called Strike 0-1: Ball 1-1: Swinging Strike 1-2: Fly out, F4 (Popup, 4S)
|
Top of the 2nd over - 0 runs, 0 hits, 0 errors, 0 left on base; Cincinnati 0 - Cleveland 0 |
BOTTOM OF THE 2ND |
Cleveland Indians batting - Pitching for Cincinnati Reds : RHP Felix Hernandez
|
Batting: LHB Matt Joyce
|
0-0: Called Strike 0-1: Ball 1-1: Foul Ball, location: 2F 1-2: Strikes out swinging
|
Batting: RHB Steven Souza Jr.
|
0-0: Called Strike 0-1: Ball 1-1: SOLO HOME RUN (Line Drive, 78XD), Distance : 410 ft
|
Batting: LHB Christian Yelich
|
0-0: Ball 1-0: Ball 2-0: Ground out 1-3 (Groundball, 34S)
|
Batting: LHB Brian McCann
|
0-0: Fly out, F6 (Popup, 4MD)
|
Bottom of the 2nd over - 1 run, 1 hit, 0 errors, 0 left on base; Cincinnati 0 - Cleveland 1 |
TOP OF THE 3RD |
Cincinnati Reds batting - Pitching for Cleveland Indians : RHP Ervin Santana
|
Batting: LHB Scooter Gennett
|
0-0: Bunt for hit to 5S - play at first, batter safe!
|
Batting: SHB Yasmani Grandal
|
0-0: Swinging Strike 0-1: Foul Ball, location: 2F 0-2: Ball 1-2: Ball 2-2: Strikes out swinging
|
Batting: LHB Colby Rasmus
|
0-0: Foul Ball, location: 2F 0-1: Ball 1-1: Called Strike 1-2: Ball 2-2: Ball 3-2: Strikes out looking
|
Batting: LHB Jarrod Dyson
|
0-0: Ball 1-0: Foul Ball, location: 2F 1-1: Ball 2-1: Fly out, F7 (Flyball, 78S)
|
Top of the 3rd over - 0 runs, 1 hit, 0 errors, 1 left on base; Cincinnati 0 - Cleveland 1 |
BOTTOM OF THE 3RD |
Cleveland Indians batting - Pitching for Cincinnati Reds : RHP Felix Hernandez
|
Batting: RHB Marcus Semien
|
0-0: Called Strike 0-1: Foul Ball, location: 2F 0-2: Ball 1-2: Foul Ball, location: 2F 1-2: Strikes out swinging
|
Batting: LHB Jacoby Ellsbury
|
0-0: Called Strike 0-1: Swinging Strike 0-2: Foul Ball, location: 2F 0-2: SINGLE (Groundball, 34D)
|
Batting: LHB Matt Carpenter
|
0-0: Ball 1-0: Ball 2-0: SINGLE (Flyball, 9S) Jacoby Ellsbury to second Runner from 2nd tries for 3rd, SAFE, throw by RF made to third
|
Batting: SHB Jose Ramirez
|
0-0: SINGLE (Line Drive, 6D) Jacoby Ellsbury scores Matt Carpenter to second
|
Batting: LHB Eric Hosmer
|
0-0: Foul Ball, location: 2F 0-1: Reached on error, E1 (Groundball, 13) Matt Carpenter to third Jose Ramirez to second
|
Batting: LHB Matt Joyce
|
0-0: Ball 1-0: Ball 2-0: Foul Ball, location: 2F 2-1: Foul Ball, location: 2F 2-2: SINGLE (Line Drive, 9S) Matt Carpenter scores Jose Ramirez to third Eric Hosmer to second
|
Batting: RHB Steven Souza Jr.
|
0-0: Swinging Strike 0-1: Ball 1-1: Called Strike 1-2: Ball 2-2: Foul Ball, location: 2F 2-2: Strikes out looking
|
Batting: LHB Christian Yelich
|
0-0: Called Strike 0-1: Foul Ball, location: 2F 0-2: Foul Ball, location: 2F 0-2: Strikes out looking
|
Bottom of the 3rd over - 2 runs, 4 hits, 1 error, 3 left on base; Cincinnati 0 - Cleveland 3 |
TOP OF THE 4TH |
Cincinnati Reds batting - Pitching for Cleveland Indians : RHP Ervin Santana
|
Batting: RHB Trea Turner
|
0-0: Ball 1-0: Swinging Strike 1-1: Ball 2-1: Foul Ball, location: 2F 2-2: Ball 3-2: Base on Balls
|
Batting: LHB Robinson Cano
|
0-0: Ball 1-0: Ball 2-0: Called Strike 2-1: Grounds into double play, 4-6-3 (Groundball, 34)
|
Batting: RHB Edwin Encarnacion
|
0-0: Called Strike 0-1: Ball 1-1: Ball 2-1: Ball 3-1: Fly out, F7 (Line Drive, 7)
|
Top of the 4th over - 0 runs, 0 hits, 0 errors, 0 left on base; Cincinnati 0 - Cleveland 3 |
BOTTOM OF THE 4TH |
Cleveland Indians batting - Pitching for Cincinnati Reds : RHP Felix Hernandez
|
Batting: LHB Brian McCann
|
0-0: Ball 1-0: Called Strike 1-1: Foul Ball, location: 2F 1-2: DOUBLE (Line Drive, 9LD)
|
Batting: RHB Marcus Semien
|
0-0: Ball 1-0: SINGLE (Flyball, 89S) Brian McCann to third
|
Batting: LHB Jacoby Ellsbury
|
0-0: Called Strike 0-1: Called Strike 0-2: Foul Ball, location: 2F 0-2: Ball 1-2: Grounds into double play, 4-6-3 (Groundball, 4) Brian McCann scores
|
Batting: LHB Matt Carpenter
|
0-0: Ball 1-0: Ball 2-0: Ball 3-0: Ground out 4-3 (Groundball, 4)
|
Bottom of the 4th over - 1 run, 2 hits, 0 errors, 0 left on base; Cincinnati 0 - Cleveland 4 |
TOP OF THE 5TH |
Cincinnati Reds batting - Pitching for Cleveland Indians : RHP Ervin Santana
|
Batting: LHB Joey Gallo
|
0-0: Ball 1-0: Ball 2-0: Ball 3-0: Base on Balls
|
Batting: LHB Adrian Gonzalez
|
0-0: Foul Ball, location: 2F 0-1: Foul Ball, location: 2F 0-2: Ball 1-2: Foul Ball, location: 2F 1-2: Ball 2-2: Foul Ball, location: 2F 2-2: Foul Ball, location: 2F 2-2: SINGLE (Groundball, 25) (infield hit) Joey Gallo to second
|
Pinch Runner at 1st Luis Jimenez:
|
|
Batting: LHB Scooter Gennett
|
0-0: Ball 1-0: SINGLE (Line Drive, 34D) Joey Gallo to third Luis Jimenez to second
|
Batting: SHB Yasmani Grandal
|
0-0: Swinging Strike 0-1: Swinging Strike 0-2: Ball 1-2: Ball 2-2: Foul Ball, location: 2F 2-2: Fly out, F8 (Flyball, 8RXD) Runner from 3rd tags up, SCORES, no throw by CF Luis Jimenez to third
|
Batting: LHB Colby Rasmus
|
0-0: Ball 1-0: Foul Ball, location: 2F 1-1: Swinging Strike 1-2: Foul Ball, location: 2F 1-2: Ball 2-2: Ball 3-2: Foul Ball, location: 2F 3-2: Foul Ball, location: 2F 3-2: 3-RUN HOME RUN (Flyball, 78XD), Distance : 389 ft
|
Batting: LHB Jarrod Dyson
|
0-0: Called Strike 0-1: Fly out, F7 (Line Drive, 7)
|
Batting: RHB Trea Turner
|
0-0: Called Strike 0-1: Ground out 4-3 (Groundball, 4)
|
Top of the 5th over - 4 runs, 3 hits, 0 errors, 0 left on base; Cincinnati 4 - Cleveland 4 |
BOTTOM OF THE 5TH |
Cleveland Indians batting - Pitching for Cincinnati Reds : RHP Felix Hernandez
|
Now at 1B: Luis Jimenez
|
|
Batting: SHB Jose Ramirez
|
0-0: Ball 1-0: Fly out, F7 (Flyball, 7D)
|
Batting: LHB Eric Hosmer
|
0-0: Ball 1-0: DOUBLE (Flyball, 8RXD)
|
Batting: LHB Matt Joyce
|
0-0: Ball 1-0: Foul Ball, location: 2F 1-1: Ball 2-1: Ball 3-1: Base on Balls
|
Batting: RHB Steven Souza Jr.
|
0-0: Ball 1-0: Fly out, F7 (Flyball, 7S)
|
Batting: LHB Christian Yelich
|
0-0: Ball 1-0: Ball 2-0: Ball 3-0: Called Strike 3-1: Base on Balls Eric Hosmer to third Matt Joyce to second
|
Batting: LHB Brian McCann
|
0-0: Ball 1-0: Ball 2-0: Ground out 4-3 (Groundball, 4)
|
Bottom of the 5th over - 0 runs, 1 hit, 0 errors, 3 left on base; Cincinnati 4 - Cleveland 4 |
TOP OF THE 6TH |
Cincinnati Reds batting - Pitching for Cleveland Indians : RHP Ervin Santana
|
Pitching: LHP Zac Rosscup
|
|
Batting: LHB Robinson Cano
|
0-0: Ball 1-0: DOUBLE (Line Drive, 78D)
|
Batting: RHB Edwin Encarnacion
|
0-0: SINGLE (Groundball, 56D) Robinson Cano to third Runner from 3rd tries for Home, throw by LF and OUT! 7-2
|
Batting: LHB Joey Gallo
|
0-0: Foul Ball, location: 2F 0-1: SINGLE (Line Drive, 9LS) Edwin Encarnacion to second Runner from 2nd tries for 3rd, SAFE, throw by RF made to third
|
Batting: RHB Luis Jimenez
|
0-0: Foul Ball, location: 2F 0-1: Ball 1-1: Called Strike 1-2: Ball 2-2: Strikes out swinging
|
Batting: LHB Scooter Gennett
|
0-0: Ball 1-0: Swinging Strike 1-1: Called Strike 1-2: Strikes out swinging
|
Top of the 6th over - 0 runs, 3 hits, 0 errors, 2 left on base; Cincinnati 4 - Cleveland 4 |
BOTTOM OF THE 6TH |
Cleveland Indians batting - Pitching for Cincinnati Reds : RHP Felix Hernandez
|
Pitching: LHP Felipe Rivero
|
|
Batting: RHB Marcus Semien
|
0-0: Ball 1-0: Ball 2-0: Ball 3-0: Base on Balls
|
Batting: LHB Jacoby Ellsbury
|
0-0: Ball 1-0: DOUBLE (Line Drive, 89XD) Marcus Semien to third Runner from 3rd tries for Home, SAFE, throw by CF to trailing runner, OUT at third! 8-4-5
|
Batting: LHB Matt Carpenter
|
0-0: Foul Ball, location: 2F 0-1: Swinging Strike 0-2: Strikes out swinging
|
Batting: SHB Jose Ramirez
|
0-0: Ball 1-0: SOLO HOME RUN (Flyball, 7D), Distance : 362 ft
|
Batting: LHB Eric Hosmer
|
0-0: Reached via error on a dropped throw from SS, E3 (Groundball, 4MS)
|
Batting: LHB Matt Joyce
|
0-0: Ball 1-0: Ball 2-0: Swinging Strike 2-1: Ground out 4-3 (Groundball, 34)
|
Bottom of the 6th over - 2 runs, 2 hits, 1 error, 1 left on base; Cincinnati 4 - Cleveland 6 |
TOP OF THE 7TH |
Cincinnati Reds batting - Pitching for Cleveland Indians : LHP Zac Rosscup
|
Pitching: RHP Simon Castro
|
|
Batting: SHB Yasmani Grandal
|
0-0: Called Strike 0-1: Ball 1-1: Called Strike 1-2: Strikes out looking
|
Batting: LHB Colby Rasmus
|
0-0: Called Strike 0-1: Foul Ball, location: 2F 0-2: Ball 1-2: Strikes out swinging
|
Batting: LHB Jarrod Dyson
|
0-0: Called Strike 0-1: Ball 1-1: Called Strike 1-2: Ground out 5-3 (Groundball, 56)
|
Top of the 7th over - 0 runs, 0 hits, 0 errors, 0 left on base; Cincinnati 4 - Cleveland 6 |
BOTTOM OF THE 7TH |
Cleveland Indians batting - Pitching for Cincinnati Reds : LHP Felipe Rivero
|
Pitching: LHP Rex Brothers
|
|
Batting: RHB Steven Souza Jr.
|
0-0: Called Strike 0-1: Foul Ball, location: 2F 0-2: Ball 1-2: Ball 2-2: Foul Ball, location: 2F 2-2: SINGLE (Line Drive, 8LS)
|
Batting: LHB Christian Yelich
|
0-0: Ball 1-0: Foul Ball, location: 2F 1-1: Ball 2-1: Ball 3-1: Called Strike 3-2: Base on Balls Steven Souza Jr. to second
|
Batting: LHB Brian McCann
|
0-0: Grounds into double play, 3-6-1 (Groundball, 34) Steven Souza Jr. to third
|
Batting: RHB Marcus Semien
|
0-0: Ball 1-0: Foul Ball, location: 2F 1-1: Ground out 6-3 (Groundball, 6S)
|
Bottom of the 7th over - 0 runs, 1 hit, 0 errors, 1 left on base; Cincinnati 4 - Cleveland 6 |
TOP OF THE 8TH |
Cincinnati Reds batting - Pitching for Cleveland Indians : RHP Simon Castro
|
Batting: RHB Trea Turner
|
0-0: Foul Ball, location: 2F 0-1: Foul Ball, location: 2F 0-2: Ball 1-2: Ball 2-2: Ground out 4-3 (Groundball, 4S)
|
Batting: LHB Robinson Cano
|
0-0: Ball 1-0: Ball 2-0: Foul Ball, location: 2F 2-1: Ball 3-1: Called Strike 3-2: Foul Ball, location: 2F 3-2: Strikes out looking
|
Batting: RHB Edwin Encarnacion
|
0-0: Foul Ball, location: 2F 0-1: Swinging Strike 0-2: Ball 1-2: Foul Ball, location: 2F 1-2: Foul Ball, location: 2F 1-2: Strikes out looking
|
Top of the 8th over - 0 runs, 0 hits, 0 errors, 0 left on base; Cincinnati 4 - Cleveland 6 |
BOTTOM OF THE 8TH |
Cleveland Indians batting - Pitching for Cincinnati Reds : LHP Rex Brothers
|
Pitching: RHP Raisel Iglesias
|
|
Batting: LHB Jacoby Ellsbury
|
0-0: Ball 1-0: Ball 2-0: Swinging Strike 2-1: Foul Ball, location: 2F 2-2: Foul Ball, location: 2F 2-2: Foul Ball, location: 2F 2-2: Strikes out looking
|
Batting: LHB Matt Carpenter
|
0-0: Ball 1-0: Ball 2-0: Ball 3-0: Called Strike 3-1: Base on Balls
|
Pitching: LHP Josh Smoker
|
|
Batting: SHB Jose Ramirez
|
0-0: Called Strike 0-1: Ball 1-1: Ball 2-1: Ball 3-1: SINGLE (Groundball, 6MD) Matt Carpenter to second Runner from 2nd tries for 3rd, SAFE, no throw by CF
|
Batting: LHB Eric Hosmer
|
0-0: Ball 1-0: Ball Wild Pitch! Matt Carpenter scores Jose Ramirez to second 2-0: Ball 3-0: Base on Balls
|
Batting: LHB Matt Joyce
|
0-0: Called Strike 0-1: SINGLE (Groundball, 4D) Jose Ramirez to third Eric Hosmer to second Runner from 3rd tries for Home, SAFE, throw by CF to home
|
Pitching: RHP Jake Peavy
|
|
Batting: RHB Steven Souza Jr.
|
0-0: Fly out, F4 (Line Drive, 4) Lined into DP, 4-6 (Line Drive, 4)
|
Bottom of the 8th over - 2 runs, 2 hits, 0 errors, 1 left on base; Cincinnati 4 - Cleveland 8 |
TOP OF THE 9TH |
Cincinnati Reds batting - Pitching for Cleveland Indians : RHP Simon Castro
|
Pitching: RHP Adam Warren
|
|
Batting: LHB Joey Gallo
|
0-0: Swinging Strike 0-1: Ball 1-1: Called Strike 1-2: Foul Ball, location: 2F 1-2: Foul Ball, location: 2F 1-2: Ball 2-2: Strikes out swinging
|
Batting: RHB Luis Jimenez
|
0-0: Foul Ball, location: 2F 0-1: Ball 1-1: Ground out 6-3 (Groundball, 6)
|
Batting: LHB Scooter Gennett
|
0-0: Called Strike 0-1: Ball 1-1: Ball 2-1: SOLO HOME RUN (Flyball, 9D), Distance : 367 ft
|
Batting: SHB Yasmani Grandal
|
0-0: Ball 1-0: Ball 2-0: SINGLE (Groundball, 4D)
|
Pitching: LHP Brett Cecil
|
|
Batting: LHB Colby Rasmus
|
0-0: Called Strike 0-1: Ball 1-1: Ball 2-1: Foul Ball, location: 2F 2-2: Ground out 4-3 (Groundball, 34)
|
Top of the 9th over - 1 run, 2 hits, 0 errors, 1 left on base; Cincinnati 5 - Cleveland 8 |
|